 Dungeon Crawl Stone Soup version 0.29-a0-359-g541a27f54d (webtiles) character file.

Game seed: 10595683929845834073

213 quokkamancerX the Stinger (level 5, -1/42 HPs)
             Began as a Naga Venom Mage on Apr 28, 2022.
             Slain by a kobold
             ... wielding a +0 short sword
              (3 damage)
             ... on level 4 of the Dungeon.
             The game lasted 00:20:40 (2895 turns).

quokkamancerX the Stinger (Naga Venom Mage)         Turns: 2895, Time: 00:20:41

Health: -1/42      AC:  2    Str: 11    XL:     5   Next: 90%
Magic:  8/11       EV:  9    Int: 17    God:
Gold:   85         SH:  0    Dex: 11    Spells: 9/12 levels left

rFire   . . .      SeeInvis +   k - +2 dagger (venom)
rCold   . . .      Faith    .   (no shield)
rNeg    . . .      Spirit   .   a - +0 robe
rPois   +          Reflect  .   (no helmet)
rElec   .          Harm     .   (no cloak)
rCorr   .          Rampage  .   (no gloves)
Will    .....                   (no barding)
Stlth   ++........              (no amulet)
HPRegen 0.14/turn               (no ring)
MPRegen 0.12/turn               (no ring)

@: very slow
A: AC +1, large, see invisible, deformed body, poison resistance, slowness 2,
spit poison 1, naga tail 1
a: Spit Poison


You were on level 4 of the Dungeon.
You visited 1 branch of the dungeon, and saw 3 of its levels.

You collected 85 gold pieces.

Inventory:

Hand Weapons
 k - a +2 dagger of venom (weapon)
Armour
 a - a +0 robe (worn)
 p - a +2 ring mail of willpower
Jewellery
 l - a ring of ice
Scrolls
 d - a scroll of magic mapping {unknown}
 e - a scroll of brand weapon {unknown}
 g - a scroll of noise {unknown}
 i - 3 scrolls of identify {unknown}
 j - a scroll of amnesia {unknown}
 m - a scroll of vulnerability {unknown}
 q - a scroll of enchant armour {unknown}
 s - a scroll of fog {unknown}
Potions
 b - a potion of magic
 c - 3 potions of curing {unknown}
 f - a potion of heal wounds {unknown}
 h - a potion of cancellation {unknown}
 n - a potion of attraction {unknown}
 o - a potion of mutation {unknown}
 r - a potion of resistance {unknown}


   Skills:
 - Level 1.5 Dodging
 - Level 3.0 Stealth
 + Level 4.1 Spellcasting
 - Level 1.0 Transmutations
 + Level 6.6 Poison Magic


You had 9 spell levels left.
You knew the following spells:

 Your Spells              Type           Power      Damage    Failure   Level
a - Sting                 Tmut/Pois      64%        1d6       3%          1
b - Poisonous Vapours     Pois/Air       28%        N/A       6%          2

Your spell library contained the following spells:

 Spells                   Type           Power      Damage    Failure   Level
 Olgreb's Toxic Radiance  Pois           25%        N/A       11%         4
 Mephitic Cloud           Conj/Pois/Air  10%        N/A       19%         3


Dungeon Overview and Level Annotations

Branches:
Dungeon (2/15)

Altars:

Shops:
D:1 (


Innate Abilities, Weirdness & Mutations

Your serpentine skin is tough. (AC +1)
You have supernaturally acute eyesight. (SInv)
Armour fits poorly on your strangely shaped body.
Your system is resistant to poisons. (rPois)
You cover ground very slowly.
You can spit poison.
You have a snake-like lower body.


Message History

Aim: an ogre, wielding a +0 giant club (81% to hit)
The splash of poison hits the ogre.
The ogre is poisoned.
The ogre is moderately wounded.
The hobgoblin hits you. The hobgoblin attacks as you move away!
The hobgoblin hits you.
You kill the hobgoblin!
The ogre barely misses you.
You have got your breath back.
Aiming: Spit Poison (1% risk of failure)
Press: ? - help, Shift-Dir - straight line, f/p - ogre
Aim: an ogre, wielding a +0 giant club (heavily wounded, poisoned, 81% to hit)
The splash of poison hits the ogre.
The ogre looks even sicker.
The ogre is heavily wounded.
The ogre closely misses you.
Casting: Sting (safe; 3% risk of failure)
Confirm with . or Enter, or press ? or * to list all spells.
Aiming: Sting (safe; 3% risk of failure)
Press: ? - help, Shift-Dir - straight line, f/p - ogre
Aim: an ogre, wielding a +0 giant club (heavily wounded, very poisoned, 88% to hit)
The sting hits the ogre.
The ogre looks even sicker.
The ogre is severely wounded.
The ogre barely misses you.
Casting: Sting (safe; 3% risk of failure)
Confirm with . or Enter, or press ? or * to list all spells.
Aiming: Sting (safe; 3% risk of failure)
Press: ? - help, Shift-Dir - straight line, f/p - ogre
Aim: an ogre, wielding a +0 giant club (severely wounded, very poisoned, 88% to hit)
The sting hits the ogre.
The ogre looks as sick as possible!
The ogre is almost dead.
You have got your breath back.
The ogre hits you with a +0 giant club!!
* * * LOW HITPOINT WARNING * * *
You kill the ogre!
The kobold hits you with a +0 short sword.
* * * LOW HITPOINT WARNING * * *
Your Spellcasting skill increases to level 4!
You barely miss the kobold.
The kobold is moderately wounded.
The kobold hits you with a +0 short sword.
You die...

#...# #.#)# #...# #.#.#
###...# # ## ##.#.#####.#
.# #.#.)##.##.# .#
####Kg.....####.# #
#.#.@##.......#.# .#
##.#.##<####....#..#
##.#.##.###...)....#
######.............<....#
#.........######......###
#####.#.### ##.....#
#.#.# ##.#..# #.#.#
#.#..# #.#.# ..#..#


You could see a goblin and a kobold.

Vanquished Creatures
  An ogre (D:4)
  Terence (D:2)
  4 gnolls
  An adder (D:2)
  2 worms (D:2)
  2 orcs (D:4)
  8 endoplasms
  2 giant cockroaches (D:2)
  6 goblins
  5 hobgoblins
  A quokka (D:4)
  6 ball pythons (D:1)
  5 bats
  2 frilled lizards (D:1)
  A kobold (D:1)
  5 rats
52 creatures vanquished.

Notes
Turn   | Place    | Note
-------+----------+-------------------------------------------
     0 | D:1      | quokkamancerX the Naga Venom Mage began the quest for the
                  | Orb.
     0 | D:1      | Reached XP level 1. HP: 15/15 MP: 3/3
   177 | D:1      | Found Ywetu's Weapon Emporium.
   419 | D:1      | Reached XP level 2. HP: 22/22 MP: 1/5
   698 | D:1      | Found a faded altar of an unknown god.
  1260 | D:1      | Reached XP level 3. HP: 27/28 MP: 2/6
  1646 | D:2      | Reached skill level 5 in Poison Magic
  1860 | D:2      | Noticed Terence
  1868 | D:2      | Killed Terence
  1869 | D:2      | Reached XP level 4. HP: 27/36 MP: 4/8
  2228 | D:2      | Learned a level 2 spell: Poisonous Vapours
  2542 | D:2      | Reached XP level 5. HP: 11/42 MP: 7/10
  2820 | D:2      | You fall into a shaft and drop 2 floors!
  2825 | D:4      | Reached skill level 6 in Poison Magic
  2871 | D:4      | Noticed an ogre
  2894 | D:4      | Killed an ogre
  2894 | D:4      | HP: 2/42 [kobold/+0 short sword (1)]
  2895 | D:4      | Slain by a kobold

Illustrated notes

Levels and vault maps discovered:
D:1:      lightli_arrival_chessboard, layout_loops_ring,
          hellmonk_ecumenical_altar_slurped_away, serial_shops,
          nicolae_shop_bloodbath_and_beyond
D:2:      layout_loops_corners, uniq_terence
D:4:      layout_loops_ring, nicolae_gozag_seed_capital,
          minmay_temple_entry_water_ring, enter_ossuary_5,
          kennysheep_minor_cross, roderic_serpentine_path,
          hangedman_minor_gate_pass

Skill      XL: |  1  2  3  4  5 |
---------------+----------------+-----
Poison Magic   | 5 6 |  6.6
Spellcasting   | 3 4 |  4.1
Dodging        | |  1.5
Stealth        | |  3.0
Transmutations | |  1.0

Action                   |  1- 3 |  4- 6 || total
-------------------------+-------+-------++-------
Melee: Club              |     3 |       ||     3
       Whip              |     9 |       ||     9
       Punch             |     2 |     1 ||     3
       Dagger            |     7 |    29 ||    36
 Cast: Sting             |    44 |    15 ||    59
       Poisonous Vapours |       |     1 ||     1
 Abil: Spit Poison       |    17 |    15 ||    32
Armor: Robe              |     4 |     2 ||     6
Dodge: Dodged            |    14 |    18 ||    32

Table legend: (Time is in decaauts)
 A = Elapsed time spent in this place.
 B = Non-inter-level travel time spent in this place.
 C = Inter-level travel time spent in this place.
 D = Time resting spent in this place.
 E = Time spent auto-exploring this place.
 F = Levels seen in this place.
 G = Mean time per level.
                   A        B        C        D        E       F      G
               +--------+--------+--------+--------+--------+-----+--------+
         Total |   3510 |   3461 |     49 |   1137 |    218 |   3 | 1170.0 |
       Dungeon |   3510 |   3461 |     49 |   1137 |    218 |   3 | 1170.0 |
               +--------+--------+--------+--------+--------+-----+--------+

Top non-repeatable levels by time:
     D:1: 2009 daAuts
     D:2: 1403 daAuts
     D:4: 98 daAuts
